 Dungeon Crawl Stone Soup version 0.31.0-11-ge490571c62 (webtiles) character file.

Game seed: 532033791086912658

20214 ssalbiz the Destroyer (level 12, -8/92 HPs)
             Began as a Gnoll Conjurer on Feb 3, 2024.
             Was an Elder of Vehumet.
             Mangled by a seven-headed hydra (11 damage)
             ... on level 2 of the Lair of Beasts.
             The game lasted 00:59:07 (19072 turns).

ssalbiz the Destroyer (Gnoll Conjurer)             Turns: 19072, Time: 00:59:07

Health: -8/92      AC: 14    Str: 13    XL:     12   Next: 77%
Magic:  13/25      EV: 15    Int: 22    God:    Vehumet [****..]
Gold:   1767       SH:  5    Dex: 11    Spells: 4/29 levels left

rFire   . . .        L - +2 short sword (freeze)
rCold   . . .        (no shield)
rNeg    + . .        N - +0 steam dragon scales
rPois   .            r - +2 hat
rElec   .            g - +0 cloak
rCorr   .            s - +0 pair of gloves
SInv    .            G - +2 pair of boots {Fly}
Will    .....        i - amulet of reflection
Stlth   ++++         e - +6 ring of strength
HPRegen 0.35/turn    F - ring of positive energy
MPRegen 0.19/turn

%: reflection
@: flying, invisible
A: fangs 1, strong nose, distributed training
a: Renounce Religion


You were on level 2 of the Lair of Beasts.
You worshipped Vehumet.
Vehumet was greatly pleased with you.
You visited 2 branches of the dungeon, and saw 13 of its levels.
You also visited: Ossuary and Bailey.

You collected 1767 gold pieces.

Inventory:

Hand Weapons
 L - a +2 short sword of freezing (weapon)
Missiles
 D - 2 throwing nets
 E - 14 boomerangs
Armour
 g - a +0 cloak (worn)
 r - a +2 hat (worn)
 s - a +0 pair of gloves (worn)
 G - a +2 pair of boots of flying (worn)
 N - +0 steam dragon scales (worn)
Jewellery
 e - a +6 ring of strength (left hand)
 i - an amulet of reflection (around neck)
 m - a ring of ice
 F - a ring of positive energy (right hand)
Talismans
 l - a granite talisman
Wands
 c - a wand of quicksilver (5)
 q - a wand of mindburst (5)
 A - a wand of flame (5)
 C - a wand of polymorph (10)
 H - a wand of paralysis (17)
Scrolls
 d - 9 scrolls of teleportation
 h - 3 scrolls of revelation
 w - 3 scrolls of blinking
 x - 2 scrolls of fog
 z - a scroll of amnesia
 K - a scroll of butterflies {unknown}
Potions
 b - 4 potions of magic
 f - 7 potions of curing
 j - 4 potions of brilliance
 k - a potion of might
 n - a potion of heal wounds
 p - 5 potions of invisibility
 t - 2 potions of ambrosia
 u - 3 potions of enlightenment
 v - 6 potions of haste
 I - 2 potions of attraction
Miscellaneous
 J - a phantom mirror


   Skills:
 + Level 7.9 Fighting
 + Level 7.9 Short Blades
 + Level 7.9 Long Blades
 + Level 7.9 Axes
 + Level 7.9 Maces & Flails
 + Level 7.9 Polearms
 + Level 7.9 Staves
 + Level 7.9 Ranged Weapons
 + Level 7.9 Throwing
 + Level 7.9 Armour
 + Level 9.2 Dodging
 + Level 9.0 Stealth
 + Level 7.9 Shields
 + Level 7.9 Unarmed Combat
 + Level 9.4 Spellcasting
 + Level 9.7 Conjurations
 + Level 6.5 Hexes
 + Level 6.5 Summonings
 + Level 6.5 Necromancy
 + Level 6.5 Translocations
 + Level 6.5 Fire Magic
 + Level 6.5 Ice Magic
 + Level 6.5 Air Magic
 + Level 6.5 Earth Magic
 + Level 6.5 Alchemy
 + Level 8.6 Invocations
 + Level 7.9 Evocations
 + Level 7.2 Shapeshifting


You had 4 spell levels left.
You knew the following spells:

 Your Spells              Type           Power      Damage    Failure   Level
a - Magic Dart            Conj           100%       1d8       1%          1
b - Searing Ray           Conj           100%       2d8       1%          2
d - Blink                 Tloc           78%        N/A       1%          2
e - Ensorcelled Hibernat  Hex/Ice        78%        N/A       1%          2
f - Fulminant Prism       Conj/Alch      23%        3d12      1%          4
g - Iskenderun's Mystic   Conj/Tloc      46%        2d10      1%          4
h - Scorch                Fire           78%        2d8       1%          2
i - Flame Wave            Conj/Fire      46%        2d12      1%          4
j - Airstrike             Air            19%        2d(3-19)  1%          4

Your spell library contained the following spells:

 Spells                   Type           Power      Damage    Failure   Level
 Summon Small Mammal      Summ           100%       N/A       1%          1
 Call Imp                 Summ           78%        N/A       1%          2
 Lesser Beckoning         Tloc           78%        N/A       1%          2
 Momentum Strike          Conj/Tloc      92%        3d10      1%          2
 Call Canine Familiar     Summ           39%        N/A       1%          3
 Dazzling Flash           Conj/Hex       92%        N/A       1%          3
 Fugue of the Fallen      Necr           39%        N/A       1%          3
 Summon Ice Beast         Ice/Summ       39%        N/A       1%          3
 Tukima's Dance           Hex            39%        N/A       1%          3
 Volatile Blastmotes      Fire/Tloc      78%        2d16      1%          3
 Anguish                  Hex/Necr       19%        N/A       4%          4
 Passage of Golubria      Tloc           39%        N/A       4%          4
 Summon Blazeheart Golem  Fire/Summ      39%        N/A       4%          4
 Vhi's Electric Charge    Tloc/Air       78%        N/A       4%          4
 Arcjolt                  Conj/Air       23%        1d33      1%          5
 Yara's Violent Unravell  Hex/Alch       19%        3d9       3%          5
 Starburst                Conj/Fire      23%        6d8       10%         6
 Summon Mana Viper        Hex/Summ       39%        N/A       12%         5
 Sculpt Simulacrum        Ice/Alch       19%        N/A       54%         6
 Summon Cactus Giant      Summ           19%        N/A       54%         6
 Ozocubu's Refrigeration  Ice            19%        4d11      63%         7
 Monstrous Menagerie      Summ           19%        N/A       98%         7
 Maxwell's Capacitive Co  Air            19%        ∞         99%         8
 Polar Vortex             Ice            19%        12d2*     100%        9


Dungeon Overview and Level Annotations

Branches:
Dungeon (11/15)            Temple (0/1) D:7            Lair (2/5) D:10
  Swamp (0/4) Lair:2          Orc (0/2) D:10        Ossuary (visited)
 Bailey (visited)
  Snake: Lair:2-3    Spider: Lair:2-3

Altars:
Elyvilon
Fedhas
Hepliaklqana
Makhleb
Nemelex Xobeh
Okawaru
Ru
Vehumet
Xom
Zin

Annotations:
D:4 Grinder


Innate Abilities, Weirdness & Mutations

You have very sharp teeth.
Your uncanny sense of smell can sniff out nearby items.
Your experience applies equally to all skills.


Message History

(Press . to intensify the flame waves.)
The seven-headed hydra misses you.
The seven-headed hydra bites you but does no damage.
The seven-headed hydra bites you!
The seven-headed hydra bites you but does no damage.
The seven-headed hydra misses you.
The seven-headed hydra closely misses you.
The seven-headed hydra bites you but does no damage. x2
The seven-headed hydra completely misses you.
The seven-headed hydra bites you.
The seven-headed hydra closely misses you.
The seven-headed hydra completely misses you.
The seven-headed hydra bites you! The seven-headed hydra misses you.
Unknown command.
Unknown command.
Unknown command.
Unknown command.
Casting: Flame Wave (mildly dangerous; 1% risk of failure)
Confirm with . or Enter, or press ? or * to list all spells.
Restarting spell: Flame Wave (mildly dangerous; 1% risk of failure)
Press: ? - help, Dir - look around, f - activate A wave of flame ripples out!
The flame wave engulfs the seven-headed hydra.
The seven-headed hydra is heavily wounded.
The flame wave engulfs the seven-headed hydra.
The seven-headed hydra is severely wounded. (Press . to intensify the flame waves.)
The seven-headed hydra closely misses you.
The seven-headed hydra bites you but does no damage.
You block the seven-headed hydra's attack.
The seven-headed hydra bites you.
* * * LOW HITPOINT WARNING * * *
The seven-headed hydra misses you.
The seven-headed hydra closely misses you.
The seven-headed hydra misses you. The seven-headed hydra bites you!
* * * LOW HITPOINT WARNING * * *
The seven-headed hydra bites you!
* * * LOW HITPOINT WARNING * * *
The seven-headed hydra bites you!
You die...

♣♣♣§.†♣♣♣♣♣≈≈≈♣#.
♣♣§§~..§§§♣≈.≈≈♣♣.
♣§§~§≈♣.§§♣...~♣♣#
♣♣§§§§~♣♣♣§♣~..~♣♣.
♣..§≈≈≈♣♣♣...~~~♣..
♣§.♣§§§§♣♣....≈~♣..
♣..§§§..~♣♣..~~....
♣§D§§§§§~~♣♣.♣≈...#
#§@D♣§§♣~≈♣♣♣♣♣.♣##
#§§§♣♣♣♣♣>♣ ♣♣♣
#♣♣## ♣♣. ......
......
#####.......#
##..##.......#####
##............P(##P
#..................


You could see 2 seven-headed hydras.

Vanquished Creatures
  3 two-headed ogres
  A cyclops (D:11)
  2 wolf spiders (Lair:1)
  An elephant (D:9)
  A black mamba (Lair:1)
  3 meliai (D:11)
  6 cane toads
  3 unseen horrors
  A komodo dragon (Lair:1)
  A freezing wraith (D:9)
  A troll (D:10)
  A tyrant leech (Lair:2)
  2 hornets
  A shadow (D:6)
  2 wyverns
  29 yaks
  2 basilisks
  A steam dragon (Lair:2)
  2 wraiths
  A vampire mosquito (D:8)
  2 swamp worms (Lair:2)
  7 water moccasins
  13 orc warriors
  An ice beast (D:6)
  An ogre (D:5)
  2 black bears
  3 wolves (Lair:1)
  A centaur (D:8)
  A phantom (D:7)
  5 kobold brigands
  A brain worm (shapeshifter) (D:9)
  2 gnoll sergeants
  13 bullfrogs
  2 scorpions
  3 wights (D:8)
  3 killer bees (D:8)
  2 howler monkeys
  4 bombardier beetles
  3 hounds
  A gnoll bouda (D:7)
  11 orc priests
  3 iguanas
  10 orc wizards
  8 mummies (Ossuary)
  19 gnolls
  10 adders
  2 ufetubi (D:5)
  7 dart slugs
  A ribbon worm (D:2)
  47 orcs
  8 endoplasms
  6 giant cockroaches
  11 goblins
  8 hobgoblins
  7 jackals
  31 kobolds
  3 quokkas
  11 ball pythons
  7 bats
  3 frilled lizards
  4 hobgoblin zombies (Ossuary)
  3 kobold zombies (Ossuary)
  An orc zombie (Ossuary)
  5 rats
  A spectral orc (D:8)
361 creatures vanquished.

Vanquished Creatures (others)
  26 fulminant prisms
26 creatures vanquished.

Grand Total: 387 creatures vanquished

Notes
Turn   | Place    | Note
-------+----------+-------------------------------------------
     0 | D:1      | ssalbiz the Gnoll Conjurer began the quest for the Orb.
     0 | D:1      | Reached XP level 1. HP: 13/13 MP: 6/6
   138 | D:1      | Reached XP level 2. HP: 19/19 MP: 3/7
   330 | D:1      | Learned a level 2 spell: Searing Ray
   333 | D:1      | Learned a level 2 spell: Call Imp
   520 | D:1      | Reached skill level 5 in Spellcasting
   520 | D:1      | Reached XP level 3. HP: 25/25 MP: 2/9
   958 | D:1      | Reached skill level 1 in Invocations
  1337 | D:2      | Reached skill level 1 in Fighting
  1337 | D:2      | Reached skill level 1 in Short Blades
  1337 | D:2      | Reached skill level 1 in Long Blades
  1337 | D:2      | Reached skill level 1 in Axes
  1337 | D:2      | Reached skill level 1 in Maces & Flails
  1337 | D:2      | Reached skill level 1 in Polearms
  1337 | D:2      | Reached skill level 1 in Staves
  1337 | D:2      | Reached skill level 1 in Ranged Weapons
  1337 | D:2      | Reached skill level 1 in Throwing
  1337 | D:2      | Reached skill level 1 in Armour
  1337 | D:2      | Reached skill level 1 in Shields
  1337 | D:2      | Reached skill level 1 in Unarmed Combat
  1337 | D:2      | Reached skill level 1 in Evocations
  1489 | D:2      | Reached skill level 1 in Shapeshifting
  1489 | D:2      | Reached XP level 4. HP: 32/32 MP: 8/11
  1517 | D:2      | Found a faded altar of an unknown god.
  1626 | D:2      | Reached skill level 1 in Hexes
  1626 | D:2      | Reached skill level 1 in Summonings
  1626 | D:2      | Reached skill level 1 in Necromancy
  1626 | D:2      | Reached skill level 1 in Translocations
  1626 | D:2      | Reached skill level 1 in Fire Magic
  1626 | D:2      | Reached skill level 1 in Ice Magic
  1626 | D:2      | Reached skill level 1 in Air Magic
  1626 | D:2      | Reached skill level 1 in Earth Magic
  1626 | D:2      | Reached skill level 1 in Alchemy
  2004 | D:2      | Reached XP level 5. HP: 37/37 MP: 5/12
  2575 | D:2      | Learned a level 2 spell: Blink
  2576 | D:3      | Found an iron altar of Okawaru.
  3398 | D:3      | Reached XP level 6. HP: 43/44 MP: 9/13
  3793 | D:3      | Noticed a water moccasin
  3810 | D:3      | Reached skill level 5 in Dodging
  4321 | D:3      | Killed a water moccasin
  4322 | D:3      | Reached XP level 7. HP: 44/50 MP: 1/15
  4801 | D:4      | Learned a level 2 spell: Ensorcelled Hibernation
  4980 | D:4      | Found a sand-covered staircase.
  4987 | Ossuary  | Entered an ossuary
  5542 | Ossuary  | Reached skill level 5 in Stealth
  5756 | D:4      | Noticed Grinder
  6151 | D:5      | Entered Level 5 of the Dungeon
  6587 | D:5      | Reached XP level 8. HP: 16/58 MP: 7/16
  6827 | D:5      | Learned a level 4 spell: Fulminant Prism
  7705 | D:6      | Found a glowing silver altar of Zin.
  7826 | D:6      | Found a blossoming altar of Fedhas.
  7967 | D:6      | Found a white marble altar of Elyvilon.
  7987 | D:6      | Noticed a shadow
  8005 | D:6      | Killed a shadow
  8191 | D:6      | Found a radiant altar of Vehumet.
  8350 | D:6      | Became a worshipper of Vehumet
  8770 | D:6      | Reached XP level 9. HP: 53/65 MP: 10/18
  8874 | D:7      | Found a burning altar of Makhleb.
  9030 | D:7      | Found a staircase to the Ecumenical Temple.
  9252 | D:7      | Found a flagged portal.
  9265 | Bailey   | Entered a bailey
  9421 | Bailey   | Reached * piety under Vehumet
  9421 | Bailey   | Offered knowledge of Sting by Vehumet.
 10357 | D:7      | Reached skill level 5 in Invocations
 10367 | D:7      | Learned a level 4 spell: Iskenderun's Mystic Blast
 10567 | D:8      | Found a shimmering altar of Xom.
 10567 | D:8      | Found a shimmering altar of Xom.
 10568 | D:8      | Found a shimmering altar of Xom.
 10569 | D:8      | Found a shimmering altar of Xom.
 10570 | D:8      | Found a shimmering altar of Xom.
 10645 | D:8      | Found a shimmering altar of Xom.
 10840 | D:8      | Offered knowledge of Shock by Vehumet.
 10956 | D:8      | Reached ** piety under Vehumet
 10959 | D:8      | Reached skill level 5 in Fighting
 10959 | D:8      | Reached skill level 5 in Short Blades
 10959 | D:8      | Reached skill level 5 in Long Blades
 10959 | D:8      | Reached skill level 5 in Axes
 10959 | D:8      | Reached skill level 5 in Maces & Flails
 10959 | D:8      | Reached skill level 5 in Polearms
 10959 | D:8      | Reached skill level 5 in Staves
 10959 | D:8      | Reached skill level 5 in Ranged Weapons
 10959 | D:8      | Reached skill level 5 in Throwing
 10959 | D:8      | Reached skill level 5 in Armour
 10959 | D:8      | Reached skill level 5 in Shields
 10959 | D:8      | Reached skill level 5 in Unarmed Combat
 10959 | D:8      | Reached skill level 5 in Evocations
 10959 | D:8      | Reached XP level 10. HP: 74/74 MP: 8/20
 11162 | D:8      | Found a sparkling altar of Nemelex Xobeh.
 11210 | D:8      | Found a hazy altar of Hepliaklqana.
 11422 | D:8      | Reached skill level 5 in Shapeshifting
 11704 | D:8      | Offered knowledge of Frozen Ramparts by Vehumet.
 12119 | D:9      | Learned a level 2 spell: Scorch
 12533 | D:9      | Noticed a two-headed ogre
 12555 | D:10     | Entered Level 10 of the Dungeon
 12817 | D:9      | Killed a two-headed ogre
 12890 | D:9      | Noticed a two-headed ogre
 12981 | D:9      | Noticed a salamander
 12987 | D:9      | a salamander changed into a brain worm
 13146 | D:9      | Learned a level 4 spell: Flame Wave
 13327 | D:10     | Reached skill level 5 in Hexes
 13327 | D:10     | Reached skill level 5 in Summonings
 13327 | D:10     | Reached skill level 5 in Necromancy
 13327 | D:10     | Reached skill level 5 in Translocations
 13327 | D:10     | Reached skill level 5 in Fire Magic
 13327 | D:10     | Reached skill level 5 in Ice Magic
 13327 | D:10     | Reached skill level 5 in Air Magic
 13327 | D:10     | Reached skill level 5 in Earth Magic
 13327 | D:10     | Reached skill level 5 in Alchemy
 13327 | D:10     | Reached XP level 11. HP: 64/81 MP: 8/22
 14065 | D:9      | Killed a two-headed ogre
 14079 | D:10     | Reached *** piety under Vehumet
 14478 | D:10     | Noticed a two-headed ogre
 14487 | D:10     | Killed a two-headed ogre
 14689 | D:10     | Found a staircase to the Orcish Mines.
 14824 | D:10     | Found a staircase to the Lair.
 15083 | D:10     | Found a sacrificial altar of Ru.
 15200 | D:11     | Offered knowledge of Ignite Poison by Vehumet.
 15875 | D:11     | Reached XP level 12. HP: 12/91 MP: 6/24
 16886 | Lair:1   | Entered Level 1 of the Lair of Beasts
 17098 | Lair:1   | Reached **** piety under Vehumet
 17465 | Lair:1   | You are sucked into a shaft and drop 1 floor!
 17487 | Lair:2   | Offered knowledge of Airstrike by Vehumet.
 17496 | Lair:2   | Learned a level 4 spell: Airstrike
 17567 | Lair:2   | Noticed a death yak
 17575 | Lair:2   | Noticed a death yak
 17584 | Lair:2   | Noticed a death yak
 19053 | Lair:2   | Found a staircase to the Swamp.
 19059 | Lair:2   | Noticed a seven-headed hydra
 19059 | Lair:2   | Noticed a seven-headed hydra
 19072 | Lair:2   | HP: 3/92 [seven-headed hydra (7)]
 19072 | Lair:2   | Mangled by a seven-headed hydra

Illustrated notes

Levels and vault maps discovered:
D:1:      evilmike_arrival_hilbert_curve, layout_loops_cross, st_stairs_2
D:2:      layout_basic, nicolae_ecumenical_snake_handling
D:3:      layout_basic, mainiacjoe_overflow_alcove_4, minmay_divided_ellipse
D:4:      layout_loops_corners, enter_ossuary_3, uniq_grinder
D:5:      layout_cave_pods
D:6:      layout_gridville, fedhas_altar_2, nicolae_elyvilon_peaceful_grove,
          mainiacjoe_overflow_surrounded_room, mainiacjoe_overflow_boulevard
D:7:      layout_basic, bloody_makhleb, minmay_temple_entry_stoned_glass,
          enter_bailey_7
D:8:      layout_basic, mainiacjoe_overflow_tiny_flanked, xom_redecorated,
          nicolae_hepliaklqana_monster_ancestors, small_chamber_with_monster,
          dreamdust_mushroom_princess
D:9:      layout_big_octagon, hangedman_minor_gate_pass
D:10:     layout_small_grid, kennysheep_mini, david_lair_generic, david_orc_4
D:11:     layout_irregular_city
Lair:1:   layout_regular_city, nicolae_lair_run_with_the_wolves
Lair:2:   layout_hall_layers, palyth_hydra_swamp_entry, lemuel_fruit_tree

Skill      XL: |  1  2  3  4  5  6  7  8  9 10 11 12 |
---------------+-------------------------------------+-----
Spellcasting   | 5 6 7 8 9 |  9.4
Invocations    | 1 2 3 4 5 6 7 8 |  8.6
Fighting       | 1 2 3 5 6 7 |  7.9
Short Blades   | 1 2 3 5 6 7 |  7.9
Long Blades    | 1 2 3 5 6 7 |  7.9
Axes           | 1 2 3 5 6 7 |  7.9
Maces & Flails | 1 2 3 5 6 7 |  7.9
Polearms       | 1 2 3 5 6 7 |  7.9
Staves         | 1 2 3 5 6 7 |  7.9
Ranged Weapons | 1 2 3 5 6 7 |  7.9
Throwing       | 1 2 3 5 6 7 |  7.9
Armour         | 1 2 3 5 6 7 |  7.9
Shields        | 1 2 3 5 6 7 |  7.9
Unarmed Combat | 1 2 3 5 6 7 |  7.9
Evocations     | 1 2 3 5 6 7 |  7.9
Shapeshifting  | 1 2 3 4 5 6 7 |  7.2
Hexes          | 1 2 3 4 5 6 |  6.5
Summonings     | 1 2 3 4 5 6 |  6.5
Necromancy     | 1 2 3 4 5 6 |  6.5
Translocations | 1 2 3 4 5 6 |  6.5
Fire Magic     | 1 2 3 4 5 6 |  6.5
Ice Magic      | 1 2 3 4 5 6 |  6.5
Air Magic      | 1 2 3 4 5 6 |  6.5
Earth Magic    | 1 2 3 4 5 6 |  6.5
Alchemy        | 1 2 3 4 5 6 |  6.5
Dodging        | 5 6 7 8 9 |  9.2
Stealth        | 5 6 7 8 9 |  9.0
Conjurations   | 8 9 |  9.7

Action                     |  1- 3 |  4- 6 |  7- 9 | 10-12 || total
---------------------------+-------+-------+-------+-------++-------
  Melee: Unarmed           |       |       |     2 |       ||     2
         Dagger            |       |       |    43 |    63 ||   106
         Bite              |       |       |     3 |     4 ||     7
         Punch             |       |       |     2 |       ||     2
         Short sword       |       |       |       |    43 ||    43
   Cast: Magic Dart        |    68 |    91 |   161 |    94 ||   414
         Searing Ray       |     1 |    18 |    45 |    56 ||   120
         Blink             |       |     1 |     1 |     4 ||     6
         Ensorcelled Hiber |       |       |    15 |   104 ||   119
         Fulminant Prism   |       |       |     2 |    24 ||    26
         Iskenderun's Myst |       |       |     1 |    18 ||    19
         Scorch            |       |       |       |    15 ||    15
         Call Imp          |       |       |       |     4 ||     4
         Flame Wave        |       |       |       |     4 ||     4
  Evoke: Wand              |       |       |     7 |     6 ||    13
    Use: Scroll            |       |       |    13 |     8 ||    21
         Potion            |       |       |     1 |     5 ||     6
   Stab: Sleeping          |       |       |    12 |    73 ||    85
         Paralysed         |       |       |       |     2 ||     2
 Armour: Robe              |     1 |     9 |    53 |   169 ||   232
         Steam dragon scal |       |       |       |    30 ||    30
  Dodge: Dodged            |     1 |    16 |    76 |   159 ||   252
  Block: Other             |       |       |       |    29 ||    29
         Reflection        |       |       |       |     2 ||     2
